cohdb
Replays
Latest Replays
All Replays
Popular Replays
Top Player Replays
Match Explorer
How It Works
Community
CoH3 Stats
Reddit
Sign in to upload your games and track your stats! →
Sign in with Steam
Match 28098520
Unlisted
Match 28098520
Overview
Messages
Build Orders
End
Construct Barracks
1⁄4-ton 4x4 Truck
Selects Armored Battlegroup
Selects Veteran Crews
Riflemen Squad
Riflemen Squad
Riflemen Squad
Grenade Package
Infantry Support Center
Construct Medical Station
Selects Field Repairs
Construct Motor Pool
M1 Anti-tank Gun Team
M1 Anti-tank Gun Team
M1918 Browning Automatic Rifles
Selects War Machine
M1 Anti-tank Gun Team
M8 Greyhound Armored Car
M8 Greyhound Armored Car
Engineer Squad
Selects Strength in Steel
Riflemen Squad
Survival Training
Advanced Logistics
Munitions Surplus
Riflemen Squad
Riflemen Squad
Riflemen Squad
Demolitions Package
M1 Anti-tank Gun Team
Selects Seek and Destroy
Selects M4A3E8 Sherman Combat Group
M4A3E8 Sherman Combat Group
^3
[THT] Thusanai
0
0
Comments
sign in to comment!
No comments posted yet!